 Dungeon Crawl Stone Soup version 0.30.0-5-g1a98f26d00 (webtiles) character file.

Game seed: 15919035898073862369

254 ryw the Trooper (level 5, -6/41 HPs)
             Began as a Demonspawn Monk on May 9, 2023.
             Was a Believer of Hepliaklqana.
             Mangled by an ogre
             ... wielding a +0 giant club
              (25 damage)
             ... on level 5 of the Dungeon.
             The game lasted 00:06:17 (3984 turns).

ryw the Trooper (Demonspawn Monk)                   Turns: 3984, Time: 00:06:18

Health: -6/41      AC:  5    Str: 13    XL:     5   Next: 90%
Magic:  5/5        EV: 12    Int: 12    God:    Hepliaklqana [**....]
Gold:   205        SH:  0    Dex: 15    Spells: 4/4 levels left

rFire   + . .        q - +0 whip
rCold   + . .        c - orb {light}
rNeg    . . .        a - +0 robe
rPois   .            (no helmet)
rElec   .            u - +0 cloak
rCorr   .            n - +0 pair of gloves
SInv    .            e - +0 pair of boots
Will    .....        h - amulet of the acrobat
Stlth   +            m - ring of protection from fire
HPRegen 0.26/turn    s - ring of protection from cold
MPRegen 0.09/turn

%: acrobat
@: glowing
A: reduced essence, hooves 1, demonic guardian 2, ignite blood 1
a: Renounce Religion, Recall Ancestor, Ancestor Identity


You were on level 5 of the Dungeon.
You worshipped Hepliaklqana.
Hepliaklqana was pleased with you.
You visited 2 branches of the dungeon, and saw 6 of its levels.

You collected 205 gold pieces.

Inventory:

Hand Weapons
 q - a +0 whip (weapon)
Missiles
 f - 7 boomerangs (quivered)
 i - 2 poisoned darts
Armour
 a - a +0 robe (worn)
 c - an orb of light (worn)
 e - a +0 pair of boots (worn)
 n - a +0 pair of gloves (worn)
 u - a +0 cloak (worn)
Jewellery
 h - an amulet of the acrobat (around neck)
 j - an amulet of magic regeneration
 m - a ring of protection from fire (left hand)
 s - a ring of protection from cold (right hand)
 v - a ring of flight
 x - a ring of magical power
 z - an amulet of regeneration
Scrolls
 d - 9 scrolls of identify {unknown}
 g - 3 scrolls of noise {unknown}
 k - a scroll of immolation {unknown}
 o - a scroll of enchant armour {unknown}
 p - 3 scrolls of teleportation {unknown}
 r - a scroll of fog {unknown}
 t - 2 scrolls of poison {unknown}
 y - a scroll of vulnerability {unknown}
Potions
 b - 2 potions of ambrosia
 l - 3 potions of curing {unknown}
 w - a potion of cancellation {unknown}


   Skills:
 + Level 5.7 Fighting
 + Level 2.8 Maces & Flails
 - Level 2.6 Dodging
 - Level 2.6 Unarmed Combat


You had 4 spell levels left.
You didn't know any spells.
Your spell library was empty.

Dungeon Overview and Level Annotations

Branches:
Dungeon (5/15)             Temple (1/1) D:4

Altars:
Cheibriados
Dithmenos
Fedhas
Gozag
Hepliaklqana
Makhleb
Nemelex Xobeh
Okawaru
Qazlal
Ru
Sif Muna
Uskayaw
Vehumet
Wu Jian
Xom
Yredelemnul

Shops:
D:2 (   D:4 ?


Innate Abilities, Weirdness & Mutations

Your life essence is reduced to manifest your ancestor. (-10% HP)
You have large cloven feet.
A demonic guardian rushes to your aid.
Your demonic aura sometimes causes spilled blood to erupt in flames.


Message History

Hrothgar is destroyed!
The hound completely misses you. The hound bites you.
Found a scroll labelled MURREN OBYT.
The hound barely misses you.
You hit the hound but do no damage. The hound bites you.
The hound completely misses you.
You hit the hound.
You kill the hound!
The hound barely misses you. The hound barely misses you.
You hit the hound but do no damage. The hound bites you.
The hound bites you but does no damage. The ogre attacks as you move away!
The ogre closely misses you. The ogre attacks as you move away!
The ogre hits you with a +0 giant club! The hound attacks as you move away!
The hound completely misses you. The hound misses you.
The hound attacks as you move away! The hound barely misses you. x2
You hit the hound.
The hound is heavily wounded.
The hound is engulfed in blazing flames.
The hound barely misses you.
You barely miss the hound.
The hound is severely wounded.
The hound is engulfed in blazing flames.
You kill the hound!
The ogre attacks as you move away! The ogre completely misses you.
You hit the ogre.
The ogre is lightly wounded.
The ogre closely misses you.
You hit the ogre.
The ogre is moderately wounded.
You hit the ogre but do no damage.
The ogre is moderately wounded.
The ogre misses you.
You hit the ogre.
The ogre is moderately wounded.
The ogre hits you with a +0 giant club!!
Ouch! That really hurt!
You die...

#...#...............#
..
#......##.............
#......#...............
#............##.....?..
###..##......###......
#............#......
##............#.....
.#......##...O.......
....##.......@.......
.....................
##...##...#.........
#...###..#........≈
##.........##....≈≈
#.#............≈≈≈
.#...##...#...≈≈≈
.....##...#..≈≈##
##....##...# ≈≈#


You could see an ogre.

Vanquished Creatures
  2 hounds (D:5)
  An orc wizard (D:3)
  5 adders
  4 dart slugs
  A worm (D:4)
  10 orcs
  7 endoplasms
  4 giant cockroaches
  A goblin (D:2)
  6 hobgoblins
  4 quokkas
  4 ball pythons
  7 bats
  4 frilled lizards
  3 kobolds
  4 rats
67 creatures vanquished.

Vanquished Creatures (collateral kills)
  A sleepcap (D:4)
  An adder (D:2)
  An orc (D:3)
  A goblin (D:1)
  A kobold (D:1)
  A quokka (D:2)
  A frilled lizard (D:3)
7 creatures vanquished.

Vanquished Creatures (others)
  A hexer (D:5)
1 creature vanquished.

Grand Total: 75 creatures vanquished

Notes
Turn   | Place    | Note
-------+----------+-------------------------------------------
     0 | D:1      | ryw the Demonspawn Monk began the quest for the Orb.
     0 | D:1      | Reached XP level 1. HP: 18/18 MP: 1/1
   195 | D:1      | Gained mutation: A weak demonic guardian rushes to your
                  | aid. [demonic ancestry]
   195 | D:1      | Reached XP level 2. HP: 22/24 MP: 2/2
   349 | D:1      | Reached skill level 4 in Fighting
   532 | D:1      | Gained mutation: You have large cloven feet. [demonic
                  | ancestry]
   532 | D:1      | Reached XP level 3. HP: 28/30 MP: 3/3
   793 | D:2      | Found Menawk's Weapon Shop.
  1234 | D:2      | Gained mutation: Your demonic aura sometimes causes spilled
                  | blood to erupt in flames. [demonic ancestry]
  1234 | D:2      | Reached XP level 4. HP: 34/38 MP: 4/4
  1615 | D:2      | Reached skill level 1 in Maces & Flails
  2005 | D:3      | Reached skill level 5 in Fighting
  2358 | D:3      | Gained mutation: A demonic guardian rushes to your aid.
                  | [demonic ancestry]
  2358 | D:3      | Reached XP level 5. HP: 44/44 MP: 5/5
  2874 | D:4      | Found a staircase to the Ecumenical Temple.
  2897 | D:4      | Found Goynt's Magic Scroll Emporium.
  2913 | Temple   | Entered the Ecumenical Temple
  2965 | Temple   | Became a worshipper of Hepliaklqana the Forgotten
  2965 | Temple   | Reached * piety under Hepliaklqana
  2965 | Temple   | Reached ** piety under Hepliaklqana
  2966 | Temple   | Remembered your ancestor Hrothgar as a hexer
  3897 | D:5      | Entered Level 5 of the Dungeon
  3955 | D:5      | Noticed an ogre
  3984 | D:5      | Mangled by an ogre

Illustrated notes

Levels and vault maps discovered:
D:1:      lemuel_arrival_river_ford, layout_rooms
D:2:      layout_basic, serial_shops, shop, minmay_unequal
D:3:      minmay_door_path, layout_basic, elyvilon_altar_4
D:4:      layout_layer_cave, minmay_temple_entry_antechambers, serial_shops,
          shop_scrolls, kennysheep_donut
D:5:      layout_cave_pools, ebering_ghost_inner_flame, grunt_decor_junction,
          grunt_ministairs_12
Temple:   minmay_crystal_spiral_temple

Skill      XL: |  1  2  3  4 |
---------------+-------------+-----
Fighting       | 4 5 |  5.7
Maces & Flails | 2 |  2.8
Dodging        | |  2.6
Unarmed Combat | |  2.6

Action                     |  1- 3 |  4- 6 || total
---------------------------+-------+-------++-------
  Melee: Unarmed           |   110 |       ||   110
         Whip              |    29 |   134 ||   163
 Invoke: Ancestor Life: He |       |     1 ||     1
         Ancestor Identity |       |     1 ||     1
   Stab: Distracted        |       |     2 ||     2
 Armour: Robe              |    43 |    34 ||    77
  Dodge: Dodged            |    91 |   106 ||   197
